 Dungeon Crawl Stone Soup version 0.23.0-3-gf3c87f2 (webtiles) character file.

Game seed: 2990454945543614834

22401 Borgoz the Jinx (level 13, -9/72 HPs)
             Began as a Gargoyle Enchanter on Feb 23, 2019.
             Was a High Priest of Dithmenos.
             Mangled by an entropy weaver (11 damage)
             ... on level 4 of the Lair of Beasts.
             The game lasted 00:44:23 (17278 turns).

Borgoz the Jinx (Gargoyle Enchanter)               Turns: 17278, Time: 00:44:24

Health: -9/72      AC:  1    Str: 13    XL:     13   Next: 0%
Magic:  16/19      EV: 17    Int: 16    God:    Dithmenos [*****.]
Gold:   1109       SH:  0    Dex: 14    Spells: 12/21 levels left

rFire    + . .     SeeInvis .   G - +2 dagger (flame)
rCold    . . .     Gourm    +   (no shield)
rNeg     + . .     Faith    .   i - +0 leather armour (curse)
rPois    ∞         Spirit   .   (no helmet)
rElec    +         Reflect  .   B - +0 cloak "Ram Lot" {rPois Stlth+}
rCorr    .         Harm     .   x - +0 pair of gloves
MR       .....                  b - +0 pair of boots
Stlth    ++++++++..             I - amulet of the gourmand
HPRegen  0.22/turn              J - +4 ring of protection
MPRegen  0.16/turn              O - ring of protection from fire

@: corroded, wreathed by umbra
A: negative energy resistance 1, electricity resistance, unbreathing,
petrification resistance, rot immunity, AC +9
a: Shadow Step, Shadow Form, Renounce Religion


You were on level 4 of the Lair of Beasts.
You worshipped Dithmenos.
Dithmenos was extremely pleased with you.
You were completely stuffed.

You visited 3 branches of the dungeon, and saw 16 of its levels.
You also visited: Ossuary.

You collected 1245 gold pieces.
You spent 136 gold pieces at shops.

Inventory:

Hand Weapons
 G - a +2 dagger of flaming (weapon)
Missiles
 a - 3 needles of confusion
 z - a throwing net (quivered)
 A - 51 poisoned needles
Armour
 b - a +0 pair of boots (worn)
 f - a +2 ring mail of fire resistance
 i - a cursed +0 leather armour (worn)
 x - a +0 pair of gloves (worn)
 B - the +0 cloak "Ram Lot" (worn) {rPois Stlth+}
   (You found it on level 8 of the Dungeon)

   It protects you from poison.
   It makes you more stealthy.
 E - a +3 ring mail of magic resistance
 K - the +2 robe "Budghorpho" {*Slow rElec rCorr Dex+8, unknown}
   (You bought it in a shop on level 10 of the Dungeon)

   It affects your dexterity (+8).
   It insulates you from electricity.
   It provides partial protection from all sources of acid and corrosion.
   It may slow you when you take damage.
Jewellery
 k - an uncursed ring of protection from magic
 v - an uncursed ring of ice
 y - an uncursed ring of resist corrosion
 D - a +2 ring of slaying
 I - an amulet of the gourmand (around neck)
 J - a +4 ring of protection (left hand)
 M - an uncursed ring of protection from magic
 N - an uncursed ring of protection from cold
 O - a ring of protection from fire (right hand)
 S - the amulet "Xuryoxut" {Acrobat rC+ Int+4, unknown}
   (You found it on level 4 of the Lair of Beasts)

   [amulet of the acrobat]

   It helps you evade while moving and waiting.
   It affects your intelligence (+4).
   It protects you from cold.
Wands
 c - a wand of flame (2)
 L - a wand of iceblast (20)
Scrolls
 e - 4 scrolls of enchant armour
 g - a scroll of fog {unknown}
 o - 2 scrolls of vulnerability {unknown}
 p - 3 scrolls of fear
 q - a scroll of torment {unknown}
 r - 3 scrolls of blinking
 s - 4 scrolls of acquirement {unknown}
 t - 9 scrolls of remove curse
 u - 2 scrolls of enchant weapon
 w - 4 scrolls of teleportation
 C - a scroll of noise {unknown}
 H - a scroll of random uselessness {unknown}
 P - 3 scrolls of summoning {unknown}
Potions
 h - 12 potions of curing
 j - a potion of magic
 l - 2 potions of haste
 m - 4 potions of lignification
 n - 6 potions of cancellation
 F - 2 potions of mutation
 R - a potion of brilliance {unknown}
Comestibles
 d - 38 rations
 Q - 2 chunks of flesh


   Skills:
 + Level 4.7 Fighting
 * Level 9.3 Short Blades
 - Level 3.0 Throwing
 + Level 6.4 Armour
 * Level 8.5 Dodging
 + Level 9.1 Stealth
 + Level 4.5 Spellcasting
 * Level 9.7 Hexes
 + Level 4.0 Charms


You had 12 spell levels left.
You knew the following spells:

 Your Spells              Type           Power        Failure   Level  Hunger
a - Corona                Hex            ####...      1%          1    None
b - Ensorcelled Hibernat  Hex/Ice        ###...       4%          2    ##.....
c - Confuse               Hex            ####....     1%          3    ###....
d - Regeneration          Chrm/Necr      ##........   26%         3    ###....

Your spell library contained the following spells:

 Spells                   Type           Power        Failure   Level  Hunger
 Confusing Touch          Hex            ####..       1%          1    None
 Tukima's Dance           Hex            ####....     1%          3    ###....
 Dazzling Spray           Conj/Hex       ###...       8%          3    ###....
 Summon Guardian Golem    Hex/Summ       ###.....     8%          3    ###....
 Animate Skeleton         Necr           N/A          21%         1    None
 Pain                     Necr           #...         21%         1    None
 Summon Small Mammal      Summ           #...         21%         1    None
 Call Imp                 Summ           #.......     30%         2    ##.....
 Call Canine Familiar     Summ           #.......     52%         3    ###....
 Gell's Gravitas          Tloc           #.........   52%         3    ###....
 Vampiric Draining        Necr           #.........   52%         3    ###....
 Metabolic Englaciation   Hex/Ice        ###.......   58%         5    ######.
 Yara's Violent Unravell  Hex/Tmut       ###.......   58%         5    ######.
 Animate Dead             Necr           N/A          89%         4    ####...
 Petrify                  Tmut/Erth      #.......     89%         4    ####...
 Summon Ice Beast         Ice/Summ       #.......     89%         4    ####...
 Summon Lightning Spire   Summ/Air       #.......     89%         4    ####...


Dungeon Overview and Level Annotations

Branches:
Dungeon (11/15)            Temple (1/1) D:5            Lair (4/6) D:10
 Shoals (0/4) Lair:3          Orc (0/2) D:9
  Snake: Lair:2-4    Spider: Lair:2-4

Altars:
Ashenzari
Cheibriados
Dithmenos
Elyvilon
Fedhas
Gozag
Hepliaklqana
Kikubaaqudgha
Makhleb
Nemelex Xobeh
Okawaru
Qazlal
Ru
Sif Muna
Trog
Uskayaw
Vehumet
Wu Jian
Xom
Yredelemnul
Zin
The Shining One

Shops:
D:10 [


Innate Abilities, Weirdness & Mutations

You are resistant to torment.
Your stone body is resilient. (AC +9)
You are immune to poison.
You resist negative energy. (rN+)
You are resistant to electric shocks. (rElec)
You can survive without breathing.
You are immune to petrification.
You are immune to rotting.


Message History

Confirm with . or Enter, or press ? or * to list all spells.
Aiming: Confuse (safe; 1% risk of failure)
Press: ? - help, Shift-Dir - straight line, f - entropy weaver
Aim: an entropy weaver (umbra, chance to defeat MR: 28%)
The entropy weaver easily resists.
The entropy weaver hits you! x2
The entropy weaver hits you.
The entropy weaver hits you but does no damage.
You hit the entropy weaver but do no damage.
The entropy weaver closely misses you. The entropy weaver hits you!
* * * LOW HITPOINT WARNING * * *
The entropy weaver hits you!
* * * LOW HITPOINT WARNING * * *
The entropy weaver hits you.
* * * LOW HITPOINT WARNING * * *
Okay, then.
Okay, then.
As you read the scroll of fear, it crumbles to dust.
You assume a fearsome visage.
The entropy weaver easily resists.
The entropy weaver misses you. x2; The entropy weaver hits you!
You die...

#############
##
#..a@........
≈###
#..##..#..#.
≈≈≈# ##..####
P≈## #..##
.≈.## ##.#
..#.# #a####
...## ##....#
...#
#.....####
...#
##.#..a..#


You could see an entropy weaver.

Vanquished Creatures
  A hydra (Lair:3)
  3 two-headed ogres
  An unseen horror (D:10)
  A manticore (Lair:3)
  An elephant (Lair:3)
  Joseph (Lair:1)
  Psyche (D:9)
  A gargoyle (D:10)
  8 spiny frogs
  4 komodo dragons
  2 trolls
  5 blink frogs (Lair:3)
  5 hippogriffs
  Sigmund (D:4)
  15 yaks
  3 wyverns
  Eustachio (D:4)
  Grum (D:8)
  Edmund (D:5)
  An acid dragon (D:11)
  A soldier ant (Lair:4)
  6 water moccasins
  2 orc warriors
  Duvessa (D:4)
  4 porcupines
  2 ice beasts
  A black bear (D:8)
  2 phantoms
  A necrophage (D:11)
  2 sky beasts
  The ghost of vishdafish the Charmwright, an amateur GnSk (D:3)
  17 wolves
  7 ogres
  9 centaurs
  5 crocodiles
  A big kobold (D:11)
  Blork the orc (D:4)
  15 bullfrogs
  4 scorpions
  A wyvern skeleton (D:9)
  Dowan (D:4)
  6 killer bees (D:8)
  4 wights (D:9)
  10 electric eels
  A howler monkey (D:6)
  A crimson imp (D:7)
  A bullfrog zombie (D:9)
  2 orc priests
  A jelly (D:10)
  5 hounds
  5 orc wizards
  A bullfrog skeleton (D:11)
  Jessica (D:11)
  2 centaur skeletons
  8 worker ants
  A killer bee zombie (D:6)
  A big kobold zombie (Ossuary)
  4 hound zombies
  2 hound skeletons (D:5)
  8 mummies (Ossuary)
  A howler monkey zombie (D:9)
  A worker ant zombie (D:10)
  14 adders
  4 gnolls
  3 shadow imps
  An adder zombie (D:8)
  3 adder skeletons
  3 worms
  3 dart slugs
  3 leopard geckos
  28 orcs
  2 giant cockroaches
  A gnoll zombie (Ossuary)
  9 goblins
  9 hobgoblins
  15 jackals
  A quokka (D:2)
  11 bats
  3 frilled lizards
  A giant cockroach zombie (D:3)
  A hobgoblin zombie (Ossuary)
  A jackal zombie (D:6)
  12 kobolds
  A kobold zombie (Ossuary)
  A leopard gecko skeleton (D:7)
  A leopard gecko zombie (D:7)
  4 orc zombies (Ossuary)
  2 quokka skeletons
  A quokka zombie (D:4)
  14 rats
  3 butterflies (Lair:1)
362 creatures vanquished.

Vanquished Creatures (others)
  4 fungi
  9 plants
13 creatures vanquished.

Grand Total: 375 creatures vanquished

Notes
Turn   | Place    | Note
-------+----------+-------------------------------------------
     0 | D:1      | Borgoz the Gargoyle Enchanter began the quest for the Orb.
     0 | D:1      | Reached XP level 1. HP: 10/10 MP: 3/3
    54 | D:1      | Reached skill level 1 in Short Blades
   132 | D:1      | Reached XP level 2. HP: 14/15 MP: 5/5
   642 | D:1      | Reached XP level 3. HP: 19/19 MP: 6/6
  1071 | D:3      | Learned a level 2 spell: Ensorcelled Hibernation
  1075 | D:3      | Learned a level 3 spell: Confuse
  1332 | D:3      | Reached XP level 4. HP: 20/24 MP: 7/7
  1575 | D:3      | Reached XP level 5. HP: 28/28 MP: 8/8
  1578 | D:3      | Found a runed translucent door.
  1578 | D:3      | Noticed vishdafish's ghost (amateur GnSk)
  2690 | D:3      | Reached XP level 6. HP: 25/32 MP: 2/9
  3328 | D:4      | Reached XP level 7. HP: 36/36 MP: 10/10
  3518 | D:4      | Noticed Duvessa
  3518 | D:4      | Noticed Dowan
  3539 | D:4      | Killed Dowan
  3588 | D:4      | Killed Duvessa
  3676 | D:4      | Found a sand-covered staircase.
  3686 | D:4      | Noticed Blork the orc
  3694 | D:4      | Killed Blork the orc
  3705 | Ossuary  | Entered an ossuary
  4502 | Ossuary  | Reached skill level 5 in Hexes
  4563 | Ossuary  | Reached skill level 5 in Stealth
  4738 | D:4      | Noticed Sigmund
  4744 | D:4      | Killed Sigmund
  4744 | D:4      | Reached XP level 8. HP: 41/41 MP: 6/11
  4753 | D:4      | Noticed Eustachio
  4761 | D:4      | Killed Eustachio
  4855 | D:5      | Entered Level 5 of the Dungeon
  5078 | D:5      | Noticed Edmund
  5085 | D:5      | Killed Edmund
  5085 | D:5      | Reached skill level 1 in Armour
  5202 | D:5      | Found a staircase to the Ecumenical Temple.
  5209 | Temple   | Entered the Ecumenical Temple
  5458 | D:5      | Reached skill level 5 in Short Blades
  5829 | D:5      | Found a sacrificial altar of Ru.
  5832 | D:5      | Found a sparkling altar of Nemelex Xobeh.
  5931 | D:5      | Found a shadowy altar of Dithmenos.
  5934 | D:5      | Found a bloodstained altar of Trog.
  6286 | D:6      | Reached skill level 5 in Dodging
  6286 | D:6      | Reached XP level 9. HP: 24/45 MP: 3/12
  7226 | D:5      | Became a worshipper of Dithmenos the Shadowed
  7386 | D:3      | Killed vishdafish's ghost
  8411 | D:8      | Reached * piety under Dithmenos
  8810 | D:8      | Got a faintly humming cloak
  8821 | D:8      | Identified the +0 cloak "Ram Lot" {rPois Stlth+} (You found
                  | it on level 8 of the Dungeon)
  8956 | D:8      | Noticed Grum
  8973 | D:8      | Reached XP level 10. HP: 19/50 MP: 13/13
  8983 | D:8      | Killed Grum
  9495 | D:9      | Reached ** piety under Dithmenos
  9659 | D:9      | Noticed Psyche
  9666 | D:9      | Killed Psyche
  9868 | D:10     | Entered Level 10 of the Dungeon
 10142 | D:9      | Found a staircase to the Orcish Mines.
 10477 | D:9      | Learned a level 3 spell: Regeneration
 10783 | D:10     | Found Dampef's Antique Armour Boutique.
 10819 | D:10     | Bought a faintly humming robe for 136 gold pieces
 10825 | D:10     | Noticed a two-headed ogre
 10829 | D:10     | Killed a two-headed ogre
 10829 | D:10     | Reached skill level 1 in Fighting
 10829 | D:10     | Reached skill level 1 in Throwing
 10829 | D:10     | Reached skill level 1 in Charms
 11001 | D:10     | Reached XP level 11. HP: 51/56 MP: 11/14
 11363 | D:10     | Killed an unseen horror
 11871 | D:10     | Found a staircase to the Lair.
 12259 | D:10     | Reached skill level 5 in Armour
 12334 | D:11     | Reached *** piety under Dithmenos
 12842 | D:11     | Noticed a two-headed ogre
 12861 | D:11     | Killed a two-headed ogre
 13134 | D:11     | Noticed a two-headed ogre
 13148 | D:11     | Killed a two-headed ogre
 13165 | D:11     | Noticed Jessica
 13171 | D:11     | Found a deep blue altar of Sif Muna.
 13183 | D:11     | Killed Jessica
 13600 | Lair:1   | Entered Level 1 of the Lair of Beasts
 13665 | Lair:1   | Noticed Joseph
 13686 | Lair:1   | Killed Joseph
 13908 | Lair:1   | Reached XP level 12. HP: 19/64 MP: 5/17
 14294 | Lair:1   | Reached **** piety under Dithmenos
 14780 | Lair:2   | Noticed a four-headed hydra
 15426 | Lair:3   | Noticed a six-headed hydra
 15439 | Lair:3   | Killed a six-headed hydra
 15583 | Lair:3   | Found a staircase to the Shoals.
 15745 | Lair:3   | Reached ***** piety under Dithmenos
 16129 | Lair:3   | Noticed a seven-headed hydra
 17244 | Lair:4   | Noticed an entropy weaver
 17245 | Lair:4   | Noticed a queen ant
 17245 | Lair:4   | Noticed an entropy weaver
 17248 | Lair:4   | Reached XP level 13. HP: 72/72 MP: 19/19
 17260 | Lair:4   | Got a bound silver amulet
 17277 | Lair:4   | HP: 2/72 [entropy weaver (5)]
 17278 | Lair:4   | Mangled by an entropy weaver

Skill      XL: |  1  2  3  4  5  6  7  8  9 10 11 12 |
---------------+-------------------------------------+-----
Short Blades   | 1 2 3 4 5 6 7 8 9 |  9.3
Hexes          | 3 4 5 6 7 8 9 |  9.7
Dodging        | 2 3 4 5 6 7 8 |  8.5
Stealth        | 4 5 6 7 8 9 |  9.1
Armour         | 1 3 4 5 6 |  6.4
Fighting       | 1 3 4 |  4.7
Throwing       | 1 2 3 |  3.0
Charms         | 1 2 4 |  4.0
Spellcasting   | 3 4 |  4.5

Action                   |  1- 3 |  4- 6 |  7- 9 | 10-12 | 13-15 || total
-------------------------+-------+-------+-------+-------+-------++-------
Melee: Dagger            |   122 |   229 |   741 |   822 |     4 ||  1918
 Cast: Corona            |     1 |       |       |       |       ||     1
       Ensorcelled Hiber |     1 |    15 |    40 |   103 |       ||   159
       Confuse           |       |       |     4 |    20 |     1 ||    25
Evoke: Wand              |       |       |    12 |     6 |       ||    18
  Use: Potion            |     1 |       |     9 |     8 |       ||    18
       Scroll            |     7 |     2 |     4 |     6 |     2 ||    21
 Stab: Sleeping          |     5 |    23 |    25 |    78 |       ||   131
       Distracted        |       |     1 |       |     5 |       ||     6
       Confused          |       |       |     3 |    11 |       ||    14
       Invisible         |       |       |       |     3 |       ||     3
  Eat: Chunk             |     2 |     7 |    19 |    44 |       ||    72
       Ration            |       |       |     1 |       |       ||     1
Armor: Robe              |    34 |    85 |       |       |       ||   119
       Leather armour    |       |    19 |   226 |   296 |     2 ||   543
Dodge: Dodged            |    70 |   157 |   451 |   621 |     9 ||  1308
